 Dungeon Crawl Stone Soup version 0.14-a0-3520-g290746a (webtiles) character file.

10811 Maka the Spear-Bearer (level 11, -1/75 HPs)
             Began as a Demonspawn Berserker on Mar 27, 2014.
             Was a High Priest of Trog.
             Slain by a seven-headed hydra (8 damage)
             ... on Level 2 of the Lair of Beasts.
             The game lasted 00:56:40 (15182 turns).

Maka the Spear-Bearer (Demonspawn Berserker)       Turns: 15182, Time: 00:56:40

HP  -1/75        AC 11     Str 17      XL: 11   Next: 32%
MP  11/11        EV 17     Int  9 (10) God: Trog [*****.]
Gold 666         SH  0     Dex 15      Spells:  0 memorised, 10 levels left

rFire  + . .     SeeInvis .     a - +1,+4 demon trident (venom)
rCold  . . .     Clarity  .     r - +3 leather armour {rPois}
rNeg   . . .     Conserve .     (no shield)
rPois  +         rCorr    .     F - +0 helmet
rElec  .         rRot     .     (no cloak)
SustAb + .       Spirit   .     (no gloves)
rMut   .         Warding  .     (no boots)
Saprov . . .     Stasis   .     (no amulet)
MR     ++...                    t - ring of protection from fire
                                s - ring of sustain abilities {unknown}

@: regenerating, very resistant to hostile enchantments, unstealthy
A: talons 1, iridescent scales 1, demonic guardian 1, powered by pain 2
a: Burn Spellbooks, Berserk, Trog's Hand, Brothers in Arms, Renounce Religion


You were on level 2 of the Lair of Beasts.
You worshipped Trog.
Trog was extremely pleased with you.
You were very hungry.

You visited 2 branches of the dungeon, and saw 11 of its levels.
You also visited: Labyrinth and Sewer.

You collected 666 gold pieces.

Inventory:

Hand weapons
 a - a +1,+4 demon trident of venom (weapon)
 b - a +1,+1 spear
Missiles
 i - 6 tomahawks (quivered)
Armour
 c - a +0 buckler
 r - a +3 leather armour of poison resistance (worn)
 F - a +0 helmet (worn)
Magical devices
 p - a wand of draining (4)
 u - a wand of lightning (0)
 v - a wand of frost (13)
 x - a wand of digging (9)
 z - a wand of magic darts (17)
 E - a wand of disintegration (0)
 G - a wand of digging (8)
 J - a wand of fire (9)
 M - a wand of digging (9)
 Z - a wand of heal wounds (3)
Comestibles
 w - 2 meat rations
Scrolls
 d - 3 scrolls of teleportation
 k - 4 scrolls of blinking
 m - 4 scrolls of remove curse
 B - a scroll of fear
 H - a scroll of fog
 I - a scroll of holy word {unknown}
Jewellery
 l - an uncursed ring of positive energy
 o - an uncursed ring of ice
 s - a ring of sustain abilities (left hand) {unknown}
 t - a ring of protection from fire (right hand)
 L - an uncursed ring of fire
Potions
 f - 5 potions of curing
 g - 5 potions of heal wounds
 j - a potion of haste
 n - a potion of agility
 q - a potion of resistance
 A - a potion of flight
 C - 4 potions of poison
 D - 2 potions of restore abilities
Books
 h - a book of Flames

   Spells                             Type                      Level
   Flame Tongue                       Conjuration/Fire             1
   Throw Flame                        Conjuration/Fire             2
   Conjure Flame                      Conjuration/Fire             3
   Inner Flame                        Hexes/Fire                   3
   Sticky Flame                       Conjuration/Fire             4
   Fireball                           Conjuration/Fire             5
   Trog disapproves of the use of such an item.
Rods
 K - a +2 rod of striking (10/10)
   (You found it in a labyrinth)


   Skills:
 - Level 3.0 Fighting
 - Level 13.1 Polearms
 - Level 5.0 Armour
 + Level 8.8 Dodging


You had 10 spell levels left.
You didn't know any spells.

Dungeon Overview and Level Annotations

Branches:
Dungeon (9/15)             Temple (0/1) D:6            Lair (2/8) D:9
    Orc: D:9-12

Altars:
Dithmenos
Nemelex Xobeh
Trog
Xom
Yredelemnul

Annotations:
D:4 Eustachio
D:6 exclusions: door and 1 more exclusion


Innate Abilities, Weirdness & Mutations

You have sharp toenails.
You are partially covered in iridescent scales (AC +4).
A weak demonic guardian rushes to your aid.
You sometimes gain power by taking damage.


Message History

The seven-headed hydra is severely wounded.
The seven-headed hydra bites you. x2
The seven-headed hydra barely misses you. x2
The seven-headed hydra bites you!
* * * LOW HITPOINT WARNING * * *
The seven-headed hydra bites you.
* * * LOW HITPOINT WARNING * * *
The seven-headed hydra bites you.
* * * LOW HITPOINT WARNING * * *
You hit the seven-headed hydra.
You claw the seven-headed hydra, but do no damage.
The seven-headed hydra is severely wounded.
The seven-headed hydra bites you but does no damage.
The seven-headed hydra bites you.
* * * LOW HITPOINT WARNING * * *
The seven-headed hydra completely misses you.
The seven-headed hydra misses you.
The seven-headed hydra closely misses you. x2
The seven-headed hydra bites you!
You die...

.###..#P# ........#
........# ........#
........# ........##
###### ##
.........###.##.##.######
.........#..#............
........###.....@5..>f#
........'.'......D5..##
........###........#.###
.........#.....$.........
#....#P.................
.....##....<.............
##...##f................
#.## ##............... ..
+..............


You could see a seven-headed hydra, a friendly iron imp and a friendly white
imp.

Vanquished Creatures
  A minotaur (Lab)
  2 hydras
  Erolcha (D:8)
  A black mamba (Lair:2)
  A spiny frog (Lair:1)
  2 komodo dragons
  Prince Ribbit (D:4)
  2 two-headed ogres (D:9)
  9 yaks (Lair:1)
  2 hippogriffs
  2 ice beasts
  2 porcupines (Lair:1)
  2 sky beasts (D:7)
  A black bear (D:9)
  A centaur (D:6)
  9 big kobolds
  A crocodile (Lair:1)
  3 ogres
  2 giant slugs
  Blork the orc (D:6)
  6 giant frogs
  A scorpion (D:6)
  A troll skeleton (D:9)
  A spriggan skeleton (Lab)
  5 killer bees (D:8)
  4 crimson imps
  2 orc priests
  A jelly (D:8)
  4 iguanas
  10 hounds
  3 orc wizards
  Natasha (thrice) (D:6)
  5 worker ants
  Ijyb (D:3)
  Jessica (D:2)
  An ogre skeleton (Lab)
  A worker ant zombie (D:9)
  17 adders
  16 gnolls
  3 green rats
  A giant mite (Lair:1)
  An inept item mimic (D:4)
  A shadow imp (D:5)
  8 worms
  3 giant eyeballs
  7 giant geckos
  15 oozes
  17 orcs
  6 ball pythons (Sewer)
  24 bats
  A bat skeleton (D:5)
  46 hobgoblins
  2 jackals (D:2)
  5 giant cockroaches
  5 giant newts
  A giant spore (D:6)
  36 goblins
  A goblin zombie (D:5)
  A hobgoblin skeleton (D:5)
  A hobgoblin zombie (D:6)
  19 kobolds
  An orc zombie (D:5)
  4 quokkas
  A quokka zombie (D:5)
  24 rats
  11 ballistomycetes (D:6)
  A fungus (Lair:2)
375 creatures vanquished.

Vanquished Creatures (collateral kills)
  Grinder (D:4)
  A komodo dragon (Lair:1)
  A black bear (D:7)
  An ogre (D:6)
  A crimson imp (D:4)
  An adder (Lair:2)
  A gnoll (D:4)
  A bat (D:4)
  3 hobgoblins (D:4)
  2 quokkas (D:4)
  2 goblins
  A ballistomycete (D:6)
16 creatures vanquished.

Vanquished Creatures (others)
  An ogre (D:6)
  9 quasits
  7 crimson imps
  10 iron imps
  A hound (D:6)
  4 white imps
  11 ufetubi
  A giant spore (D:6)
  A fungus (D:6)
  2 plants (D:9)
47 creatures vanquished.

Grand Total: 438 creatures vanquished

Notes
Turn   | Place    | Note
--------------------------------------------------------------
     0 | D:1      | Maka, the Demonspawn Berserker, began the quest for the Orb.
     0 | D:1      | Reached XP level 1. HP: 18/18 MP: 1/1
   203 | D:1      | Gained mutation: You sometimes gain a little power by taking damage. [demonic ancestry]
   203 | D:1      | Reached XP level 2. HP: 18/24 MP: 2/2
   378 | D:1      | Acquired Trog's second power
   710 | D:1      | Reached XP level 3. HP: 27/29 MP: 3/3
  1122 | D:2      | Reached skill level 4 in Polearms
  1762 | D:2      | Reached XP level 4. HP: 30/35 MP: 4/4
  2177 | D:2      | Noticed Jessica
  2191 | D:2      | Killed Jessica
  2925 | D:3      | Gained mutation: You have sharp toenails. [demonic ancestry]
  2925 | D:3      | Reached XP level 5. HP: 26/41 MP: 5/5
  2930 | D:3      | Reached skill level 5 in Polearms
  3111 | D:3      | Noticed Ijyb
  3122 | D:3      | Killed Ijyb
  3571 | D:4      | Noticed Prince Ribbit
  3690 | D:4      | Noticed Eustachio
  3967 | D:4      | Found a glowing drain.
  3995 | D:4      | Reached XP level 6. HP: 14/47 MP: 6/6
  4005 | Sewer    | Entered a sewer
  4422 | Sewer    | Reached skill level 6 in Polearms
  4584 | Sewer    | Gained mutation: A weak demonic guardian rushes to your aid. [demonic ancestry]
  4584 | Sewer    | Reached XP level 7. HP: 30/52 MP: 7/7
  4988 | Sewer    | Acquired Trog's third power
  5273 | D:4      | Killed Prince Ribbit
  5273 | D:4      | Reached skill level 7 in Polearms
  5409 | D:4      | Found a sparkling altar of Nemelex Xobeh.
  5410 | D:4      | Noticed Grinder
  5478 | D:4      | Killed Grinder
  5478 | D:4      | Reached skill level 8 in Polearms
  5478 | D:4      | Reached XP level 8. HP: 37/58 MP: 8/8
  5699 | D:4      | Found a shadowy altar of Dithmenos.
  6394 | D:4      | Reached skill level 5 in Armour
  7727 | D:5      | Entered Level 5 of the Dungeon
  7842 | D:5      | Reached skill level 5 in Dodging
  7865 | D:5      | Found a basalt altar of Yredelemnul.
  7939 | D:5      | Received a gift from Trog
  8636 | D:6      | Noticed Natasha
  8648 | D:6      | Killed Natasha
  8667 | D:6      | Noticed Natasha
  8674 | D:6      | Killed Natasha
  8727 | D:6      | Found a shimmering altar of Xom.
  9445 | D:6      | Reached XP level 9. HP: 59/63 MP: 9/9
  9514 | D:6      | Noticed Natasha
  9533 | D:6      | Killed Natasha
  9875 | D:6      | Found a staircase to the Ecumenical Temple.
  9979 | D:6      | Received a gift from Trog
 10004 | D:6      | Noticed Blork the orc
 10020 | D:6      | Killed Blork the orc
 10236 | D:7      | Reached skill level 9 in Polearms
 11100 | D:8      | Noticed Erolcha
 11123 | D:8      | Killed Erolcha
 11123 | D:8      | Reached skill level 10 in Polearms
 11559 | D:8      | Reached skill level 11 in Polearms
 11562 | D:8      | Paralysed by a giant eyeball for 2 turns
 11568 | D:8      | Paralysed by a giant eyeball for 2 turns
 11883 | D:9      | Gained mutation: You are partially covered in iridescent scales (AC +4). [demonic ancestry]
 11883 | D:9      | Reached XP level 10. HP: 65/70 MP: 10/10
 12052 | D:9      | Found a staircase to the Lair.
 12839 | Lair:1   | Entered Level 1 of the Lair of Beasts
 12841 | Lair:1   | Noticed a six-headed hydra
 12851 | Lair:1   | Killed a six-headed hydra
 12851 | Lair:1   | Reached skill level 12 in Polearms
 13014 | Lair:1   | Found a bloodstained altar of Trog.
 13598 | Lair:1   | Gained mutation: You sometimes gain power by taking damage. [demonic ancestry]
 13598 | Lair:1   | Reached XP level 11. HP: 65/75 MP: 11/11
 14083 | Lair:2   | Noticed a four-headed hydra
 14098 | Lair:2   | Killed a four-headed hydra
 14098 | Lair:2   | Reached skill level 13 in Polearms
 14102 | Lair:2   | Received a gift from Trog
 14200 | Lair:2   | Found a labyrinth entrance.
 14212 | Lab      | Entered a labyrinth
 15004 | Lab      | Noticed a minotaur
 15014 | Lab      | Killed a minotaur
 15038 | Lab      | Identified a cursed +2 rod of striking (10/10) (You found it in a labyrinth)
 15171 | Lair:2   | Noticed a seven-headed hydra
 15182 | Lair:2   | Slain by a seven-headed hydra

Action                   |  1- 3 |  4- 6 |  7- 9 | 10-12 || total
-------------------------+-------+-------+-------+-------++-------
Melee: Spear             |   186 |   337 |   839 |       ||  1362
       Demon trident     |       |       |   160 |   263 ||   423
Throw: Tomahawk          |       |       |    10 |       ||    10
Invok: Berserk           |     1 |     2 |     1 |     2 ||     6
       Trog's Hand       |       |     6 |     7 |     3 ||    16
Evoke: Wand              |       |       |     3 |    16 ||    19
  Use: Scroll            |     3 |     6 |    16 |     3 ||    28
       Potion            |       |       |     1 |       ||     1
 Stab: Sleeping          |     2 |       |       |     1 ||     3
       Distracted        |       |       |     1 |     2 ||     3
